 Dungeon Crawl Stone Soup version 0.23.1 (webtiles) character file.

Game seed: 11356415652451783337

1316 PentaManta the Quickloader (level 8, 0/67 HPs)
             Began as a Kobold Hunter on Mar 16, 2019.
             Killed themself with a badly aimed fireball (1 damage)
             ... on level 4 of the Dungeon.
             The game lasted 00:16:07 (5570 turns).

PentaManta the Quickloader (Kobold Hunter)          Turns: 5570, Time: 00:16:08

Health: 0/67       AC: 24    Str: 12    XL:     8   Next: 89%
Magic:  8/8        EV:  3    Int: 12    God:
Gold:   281        SH:  0    Dex: 15    Spells: 7/7 levels left

rFire    . . .     SeeInvis .   a - +2 hand crossbow
rCold    . . .     Gourm    .   (shield restricted)
rNeg     + + +     Faith    .   (armour currently unavailable)
rPois    +         Spirit   .   (helmet currently unavailable)
rElec    .         Reflect  .   (cloak currently unavailable)
rCorr    .         Harm     .   (gloves currently unavailable)
MR       .....     NoTele   +   (boots currently unavailable)
Stlth    ++........             (no amulet)
HPRegen  0.21/turn              (no ring)
MPRegen  0.11/turn              (no ring)

@: tree-form
A: small, carnivore
a: no special abilities


You were on level 4 of the Dungeon.
You were completely stuffed.
You were a tree.
You visited 1 branch of the dungeon, and saw 5 of its levels.

You collected 281 gold pieces.

Inventory:

Hand Weapons
 a - a +2 hand crossbow (weapon)
 h - a +0 hunting sling
 u - a +0 hand axe of flaming
Missiles
 d - 17 bolts (quivered)
 p - 58 stones
Armour
 c - a +0 leather armour (melded)
 j - a +0 pair of boots (melded)
 m - a +0 helmet (melded)
Wands
 s - a wand of random effects (17)
Scrolls
 n - 2 scrolls of remove curse {unknown}
 r - 2 scrolls of teleportation
 t - 3 scrolls of fear {unknown}
 y - a scroll of noise {unknown}
Potions
 l - a potion of brilliance
 o - 3 potions of mutation
 q - a potion of berserk rage
 w - a potion of agility
 x - a potion of magic
Comestibles
 f - 16 rations


   Skills:
 + Level 2.5 Fighting
 - Level 10.6 Crossbows
 * Level 7.4 Dodging
 * Level 2.7 Stealth


You had 7 spell levels left.
You didn't know any spells.
Your spell library contained the following spells:

 Spells                   Type           Power        Failure   Level  Hunger
 Animate Skeleton         Necr           N/A          32%         1    ##.....
 Apportation              Tloc           #.....       32%         1    ##.....
 Confusing Touch          Hex            #.....       32%         1    ##.....
 Summon Small Mammal      Summ           #...         32%         1    ##.....


Dungeon Overview and Level Annotations

Branches:
Dungeon (5/15)
 Temple: D:4-7

Altars:
Nemelex Xobeh
Sif Muna
Uskayaw
Wu Jian

Annotations:
D:4 fly, Pikel


Innate Abilities, Weirdness & Mutations

You are small and have problems with some larger weapons.
You are carnivorous and can eat meat at any time.


Message History

* * * LOW HITPOINT WARNING * * *
The frilled lizard bites you but does no damage.
Evoke which item? (* to show all) (? for menu, Esc to quit)
Aiming: Random Effects
Press: ? - help, Shift-Dir - straight line
Aim: Disturbance (grey smoke)
The centaur barely misses you. Something hits you but does no damage.
The frilled lizard barely misses you.
The centaur hits you but does no damage.
Evoke which item? (* to show all) (? for menu, Esc to quit)
Aiming: Random Effects
Press: ? - help, Shift-Dir - straight line
Aim: Disturbance (grey smoke)
The fireball explodes!
The fireball engulfs something!
The fireball engulfs the centaur!
The centaur is moderately wounded.
The fireball engulfs the frilled lizard!
You kill the frilled lizard!
The fireball engulfs you.
You die...

.......................#
.......................#
.......................#
.......................#
.......................#
....###................#
....# #....##.§§§#####.#
....###....##.§{c#...#.#
......'....+..§§♣#._.###
...####....#..§###...###
...####....#..##.......##
...........#.##.........##
.......#..<..#....≈≈≈..=.#
.......#....##...≈≈≈≈≈...##
......##....#...≈≈...≈≈...#
............#...≈≈(>.≈≈...#
............#...≈≈((.≈≈...#


You could see a centaur.

Vanquished Creatures
  Sigmund (D:3)
  An ice beast (D:4)
  2 slaves (D:4)
  3 ogres (D:4)
  2 centaurs (D:4)
  A scorpion (D:4)
  3 howler monkeys
  A crimson imp (D:4)
  A bullfrog skeleton (D:4)
  An orc priest (D:3)
  A gnoll shaman (D:4)
  2 hounds (D:4)
  Jessica (D:4)
  Natasha (thrice) (D:2)
  5 gnolls (D:4)
  6 adders
  An ooze (D:2)
  9 orcs
  3 ball pythons
  A giant cockroach (D:1)
  5 hobgoblins
  7 jackals
  10 kobolds
  4 bats
  6 frilled lizards
  4 goblins
  A jackal skeleton (D:4)
  A quokka skeleton (D:4)
  6 rats
  A plant (D:1)
93 creatures vanquished.

Vanquished Creatures (others)
  A centaur (D:5)
1 creature vanquished.

Grand Total: 94 creatures vanquished

Notes
Turn   | Place    | Note
-------+----------+-------------------------------------------
     0 | D:1      | PentaManta the Kobold Hunter began the quest for the Orb.
     0 | D:1      | Reached XP level 1. HP: 12/12 MP: 1/1
   100 | D:1      | Reached skill level 5 in Crossbows
   110 | D:1      | Reached XP level 2. HP: 15/17 MP: 2/2
   342 | D:1      | Reached XP level 3. HP: 21/21 MP: 3/3
  1143 | D:2      | Noticed Natasha
  1156 | D:2      | Killed Natasha
  1156 | D:2      | Reached skill level 6 in Crossbows
  1156 | D:2      | Reached XP level 4. HP: 11/26 MP: 4/4
  1434 | D:2      | Found a hide-covered altar of Uskayaw.
  2164 | D:2      | Noticed Natasha
  2176 | D:2      | Killed Natasha
  2176 | D:2      | Reached XP level 5. HP: 18/30 MP: 5/5
  2324 | D:2      | Found a hide-covered altar of Uskayaw.
  2400 | D:2      | Noticed Natasha
  2406 | D:2      | Killed Natasha
  2818 | D:3      | Reached skill level 7 in Crossbows
  2931 | D:3      | Reached XP level 6. HP: 11/35 MP: 6/6
  3229 | D:3      | Noticed Sigmund
  3762 | D:3      | Killed Sigmund
  3762 | D:3      | Reached skill level 8 in Crossbows
  3762 | D:3      | Reached skill level 5 in Dodging
  3901 | D:4      | Reached XP level 7. HP: 40/40 MP: 7/7
  3952 | D:4      | Noticed Jessica
  3955 | D:4      | Killed Jessica
  3964 | D:4      | Found a deep blue altar of Sif Muna.
  4066 | D:4      | Found an ornate altar of the Wu Jian Council.
  4107 | D:4      | Reached skill level 9 in Crossbows
  4567 | D:4      | Reached XP level 8. HP: 44/44 MP: 8/8
  4636 | D:4      | Found a sparkling altar of Nemelex Xobeh.
  4725 | D:5      | Entered Level 5 of the Dungeon
  4898 | D:4      | Reached skill level 10 in Crossbows
  5088 | D:5      | Noticed Pikel
  5563 | D:4      | HP: 3/67 [Pikel/+0 whip of electrocution (18)]
  5568 | D:4      | HP: 1/67 [centaur (3)]
  5570 | D:4      | Killed themself with a badly aimed fireball

Skill      XL: |  1  2  3  4  5  6  7  8 |
---------------+-------------------------+-----
Crossbows      | 5 6 7 8 9 10 | 10.6
Dodging        | 3 4 5 6 7 |  7.4
Stealth        | 2 |  2.7
Fighting       | |  2.5

Action                   |  1- 3 |  4- 6 |  7- 9 || total
-------------------------+-------+-------+-------++-------
Melee: Short sword       |    85 |       |       ||    85
 Fire: Hand crossbow     |    78 |   117 |   115 ||   310
Evoke: Wand              |       |       |     5 ||     5
  Use: Scroll            |       |       |    13 ||    13
       Potion            |       |       |     3 ||     3
  Eat: Chunk             |     2 |    10 |    11 ||    23
Armor: Leather armour    |    10 |    10 |    18 ||    38
       Skin              |       |       |    22 ||    22
Dodge: Dodged            |    24 |    30 |    82 ||   136
